AoeStats
← MacDaThox

Lombardia

509712281Analyzed
4v4 RM · 6d ago on Sep 27, 2026· 38m 53s· 8 players
Game mode
Random Map
Map size
Large (8 player)
Population
200
Speed
Normal
Resources
Standard
Victory
Conquest
Starting age
Dark Age
Ending age
Imperial Age
RankedLock teamsTeams togetherTeam positionsShared explorationLock speedFull tech treeHidden civsTurbo modeCheats
Victory
Defeat
🇺🇸 Poles · United States
1247
+13
🇺🇸 Mongols · United States
1190
+15
🇺🇸 Tatars · United States
1167
+16
🇨🇭 Persians · Switzerland
1151
+17
🇬🇧 Dravidians · United Kingdom
1201
-16
🇨🇱 Franks · Chile
1181
-16
🇸🇪 Britons · Sweden
1157
-15
🇸🇪 Saracens · Sweden
1142
-14
Sozen
6:08 Loom
6:40 Loom
9:48 Feudal Age
10:21 Double-Bit Axe
10:17 Horse Collar
12:19 Town Watch
15:13 Wheelbarrow
19:25 Castle Age
18:02 Scale Barding Armor
19:12 Town Watch
19:39 Forging
19:44 Bloodlines
20:21 Bow Saw
20:12 Heavy Plow
20:51 Gold Mining
21:12 Husbandry
23:20 Szlachta Privileges
23:26 Husbandry
28:02 Chain Barding Armor
30:48 Iron Casting
31:26 Hand Cart
31:04 Stone Mining
34:49 Fletching
41:09 Imperial Age
38:40 Town Patrol
Jester
7:40 Loom
11:01 Feudal Age
15:04 Castle Age
14:05 Double-Bit Axe
16:18 Horse Collar
22:51 Town Watch
23:49 Wheelbarrow
23:58 Stone Mining
25:21 Bow Saw
25:51 Heavy Plow
27:16 Hand Cart
26:55 Gold Mining
27:41 Stone Shaft Mining
30:16 Imperial Age
27:55 Padded Archer Armor
28:57 Fletching
30:27 Bodkin Arrow
30:26 Light Cavalry
31:17 Bloodlines
31:19 Bracer
32:05 Leather Archer Armor
32:15 Ballistics
32:16 Elite Mangudai
34:47 Chemistry
37:42 Conscription
Apoptosis
10:18 Feudal Age
14:22 Castle Age
14:24 Double-Bit Axe
14:21 Horse Collar
15:23 Loom
31:09 Fletching
31:50 Bodkin Arrow
41:47 Imperial Age
Karnack1748
3:46 Loom
11:29 Feudal Age
17:05 Castle Age
15:30 Double-Bit Axe
15:26 Horse Collar
17:05 Scale Barding Armor
17:12 Forging
20:58 Gold Mining
21:37 Bow Saw
22:06 Stone Mining
23:54 Bloodlines
25:39 Wheelbarrow
24:56 Pikeman
28:35 Hand Cart
29:14 Stone Shaft Mining
28:42 Heavy Plow
31:29 Gold Shaft Mining
35:27 Imperial Age
33:11 Forging
33:48 Squires
34:09 Chain Barding Armor
34:02 Fletching
35:38 Husbandry
36:29 Iron Casting
35:38 Cavalier
38:17 Two-Man Saw
37:51 Crop Rotation
37:53 Town Watch
38:30 Conscription
37:38 Halberdier
38:22 Scale Mail Armor
38:53 Town Patrol
39:55 Blast Furnace
38:27 Light Cavalry
MacDaThox
11:27 Feudal Age
13:03 Loom
15:25 Double-Bit Axe
21:08 Castle Age
28:49 Caravan
29:34 Forging
29:30 Scale Barding Armor
30:22 Bow Saw
32:16 Iron Casting
32:02 Chain Barding Armor
32:31 Husbandry
Murmeldjuret. ®
3:44 Loom
10:20 Feudal Age
20:04 Castle Age
24:54 Double-Bit Axe
30:22 Horse Collar
32:04 Scale Barding Armor
32:10 Forging
32:44 Caravan
35:34 Imperial Age
33:41 Wheelbarrow
33:59 Scale Barding Armor
35:42 Heavy Camel Rider
36:35 Bloodlines
36:25 Husbandry
37:10 Forging
37:20 Chain Barding Armor
Murkeldjuret. ®
4:06 Loom
9:50 Feudal Age
11:00 Double-Bit Axe
13:26 Padded Archer Armor
13:30 Fletching
19:45 Castle Age
18:21 Gold Mining
19:46 Crossbowman
20:28 Bodkin Arrow
22:46 Leather Archer Armor
27:01 Bow Saw
34:28 Imperial Age
32:36 Wheelbarrow
34:35 Hand Cart
34:59 Gold Shaft Mining
34:15 Stone Mining
35:09 Bracer
35:40 Ring Archer Armor
35:35 Conscription
36:43 Ballistics
37:24 Chemistry
24601
13:18 Feudal Age
11:53 Loom
17:45 Castle Age
15:31 Horse Collar
17:58 Wheelbarrow
20:52 Double-Bit Axe
22:45 Pikeman
24:40 Bow Saw
24:32 Heavy Plow
25:17 Forging
25:29 Stone Mining
25:30 Gold Mining
27:21 Hand Cart
30:58 Scale Mail Armor
31:37 Iron Casting
Connection lost

Rejoining the realm…

Still unreachable

The connection could not be restored.

Session expired

The server has moved on; the page needs a fresh start.